 Dungeon Crawl Stone Soup version 0.29.1-15-g9cfb28693d (webtiles) character file.

Game seed: 16146494587864936050

17292 LLlMATKO the Fighter (level 12, -8/110 HPs)
             Began as a Minotaur Berserker on Apr 24, 2023.
             Was a High Priest of Trog.
             Mangled by Rupert
             ... wielding a +3 great mace of protection
              (22 damage)
             ... on level 12 of the Dungeon.
             The game lasted 00:13:03 (13801 turns).

LLlMATKO the Fighter (Minotaur Berserker)          Turns: 13801, Time: 00:13:04

Health: -8/110     AC: 18    Str: 22    XL:     12   Next: 17%
Magic:  11/11      EV: 10    Int:  4    God:    Trog [*****.]
Gold:   690        SH: 11    Dex: 15    Spells: 11/11 levels left

rFire   . . .      SeeInvis .   T - +1 hand axe (venom)
rCold   + . .      Faith    .   x - +0 kite shield
rNeg    . . .      Spirit   .   J - +0 plate armour {rC+}
rPois   +          Reflect  .   (helmet restricted)
rElec   .          Harm     .   (no cloak)
rCorr   +          Rampage  .   R - +0 pair of gloves
Will    .....                   A - +0 pair of boots
Stlth   ..........              P - amulet of regeneration
HPRegen 1.08/turn               z - ring of poison resistance
MPRegen 0.12/turn               H - ring of resist corrosion

@: about to teleport, on berserk cooldown, slowed, very slow
A: horns 2, retaliatory headbutt
a: Renounce Religion, Berserk, Trog's Hand, Brothers in Arms


You were on level 12 of the Dungeon.
You worshipped Trog.
Trog was extremely pleased with you.
You visited 1 branch of the dungeon, and saw 12 of its levels.

You collected 690 gold pieces.

Inventory:

Hand Weapons
 T - a +1 hand axe of venom (weapon)
Missiles
 o - 2 javelins
 w - 6 boomerangs (quivered)
 B - 34 poisoned darts
 L - 2 boomerangs of dispersal
Armour
 x - a +0 kite shield (worn)
 A - a +0 pair of boots (worn)
 J - a +0 plate armour of cold resistance (worn)
 R - a +0 pair of gloves (worn)
Jewellery
 c - an amulet of the acrobat
 z - a ring of poison resistance (left hand)
 H - a ring of resist corrosion (right hand)
 N - a +4 ring of evasion
 P - an amulet of regeneration (around neck)
Wands
 k - a wand of flame (3)
 v - a wand of paralysis (10)
 F - a wand of roots (8)
 G - a wand of mindburst (17)
 M - a wand of polymorph (1)
 S - a wand of acid (5)
Scrolls
 e - 4 scrolls of teleportation
 f - 9 scrolls of identify {unknown}
 h - 3 scrolls of fear {unknown}
 i - 3 scrolls of vulnerability {unknown}
 p - 5 scrolls of enchant weapon {unknown}
 s - 2 scrolls of magic mapping {unknown}
 t - 5 scrolls of immolation {unknown}
 y - 2 scrolls of poison {unknown}
 C - a scroll of enchant armour {unknown}
 D - 2 scrolls of noise {unknown}
 K - a scroll of blinking {unknown}
 Q - 2 scrolls of fog {unknown}
Potions
 a - 4 potions of heal wounds
 b - 5 potions of brilliance {unknown}
 d - 2 potions of resistance
 g - 2 potions of might
 j - 8 potions of curing {unknown}
 l - 4 potions of haste {unknown}
 m - 3 potions of degeneration {unknown}
 n - a potion of lignification {unknown}
 q - a potion of attraction {unknown}
 r - a potion of cancellation {unknown}
 u - 2 potions of flight {unknown}
 E - 5 potions of mutation {unknown}
 I - 2 potions of magic {unknown}
 O - a potion of ambrosia {unknown}


   Skills:
 + Level 11.6 Fighting
 + Level 11.6 Axes
 + Level 11.2 Armour
 + Level 10.4 Dodging
 + Level 9.9 Shields


You had 11 spell levels left.
You didn't know any spells.
Your spell library was empty.

Dungeon Overview and Level Annotations

Branches:
Dungeon (12/15)            Temple (0/1) D:6            Lair (0/5) D:10
    Orc (0/2) D:11

Altars:
Ashenzari
Cheibriados
Dithmenos
Elyvilon
Fedhas
Gozag
Kikubaaqudgha
Nemelex Xobeh
Ru
Sif Muna
Uskayaw
Vehumet
Wu Jian
Xom
The Shining One

Shops:
D:4 [   D:10 !

Annotations:
D:12 Rupert


Innate Abilities, Weirdness & Mutations

You have a pair of horns on your head.
You reflexively headbutt those who attack you in melee.


Message History

Rupert is moderately wounded.
You slash Rupert! You headbutt Rupert!
Rupert is heavily wounded.
Rupert hits you with a +3 great mace of protection!!
You slash Rupert!
Rupert looks as sick as possible!
You headbutt Rupert!
Rupert is heavily wounded.
Rupert closely misses you.
You hit Rupert.
Rupert is heavily wounded.
You block Rupert's attack.
You slash Rupert!
Rupert is heavily wounded.
Rupert hits you with a +3 great mace of protection!!
You hit Rupert.
Rupert is heavily wounded.
Rupert hits you with a +3 great mace of protection!!
* * * LOW HITPOINT WARNING * * *
You hit Rupert.
Rupert looks as sick as possible!
You headbutt Rupert.
Rupert is severely wounded.
You block Rupert's attack.
You hit Rupert but do no damage. Your headbutt misses Rupert.
Rupert is severely wounded.
You slash Rupert!
Rupert looks as sick as possible!
Rupert is severely wounded.
Rupert barely misses you. You furiously retaliate!
You headbutt Rupert! You hit Rupert. Your headbutt misses Rupert.
Rupert is severely wounded.
You are no longer berserk.
You are exhausted.
You feel yourself slow down. You block Rupert's attack.
As you read the scroll labelled CUZ POGIESENEY, it crumbles to dust.
You feel strangely unstable.
It was a scroll of teleportation.
Rupert hits you with a +3 great mace of protection!!
* * * LOW HITPOINT WARNING * * *
Rupert hits you with a +3 great mace of protection.
* * * LOW HITPOINT WARNING * * *
Unknown command.
Rupert attacks as you move away!
Rupert hits you with a +3 great mace of protection!!
You die...

.##.##.. ...... ......#
#.... ####.....# ######....
......... .......... .....@.
......... ....# #.......
#..# #.......
#..############.......
####....@................
........@............<.^..
######.................###
#...############..# #...#
#..# #...# #..###
########...############.....
..........................[.
...........##########.......


You could see Rupert (berserk, extremely poisoned).

Vanquished Creatures
  Erica (D:9)
  A boulder beetle (D:12)
  2 two-headed ogres
  2 manticores (D:11)
  Joseph (D:9)
  An elephant (D:10)
  A komodo dragon (D:10)
  A troll (D:11)
  Grinder (D:5)
  2 shadows (D:11)
  30 yaks
  6 humans (D:7)
  3 wraiths
  3 wyverns
  Grum (D:10)
  A steam dragon (D:10)
  3 vampire mosquitoes (D:11)
  Duvessa (D:7)
  2 acid dragons
  2 sky beasts
  An ice beast (D:6)
  6 orc warriors
  5 black bears
  2 wolves (D:10)
  3 centaurs
  2 phantoms
  2 kobold brigands
  7 bullfrogs
  2 gnoll sergeants
  3 necrophages
  7 scorpions
  4 wights (D:9)
  Dowan (D:7)
  9 killer bees
  4 howler monkeys
  An electric eel (D:8)
  A crimson imp (D:9)
  4 jellies
  2 gnoll boudas (D:9)
  6 orc priests
  7 hounds
  5 iguanas
  Jessica (D:2)
  Ijyb (D:3)
  8 orc wizards
  Natasha (thrice) (D:2)
  22 gnolls
  9 adders
  2 white imps
  2 ufetubi
  A worm (D:3)
  6 dart slugs
  57 orcs
  10 bats
  9 endoplasms
  5 giant cockroaches
  3 goblins
  A hobgoblin (D:3)
  6 jackals
  3 quokkas
  8 ball pythons
  6 frilled lizards
  12 kobolds
  5 rats (D:1)
  A bush (D:3)
330 creatures vanquished.

Vanquished Creatures (others)
  A kobold (D:8)
1 creature vanquished.

Grand Total: 331 creatures vanquished

Notes
Turn   | Place    | Note
-------+----------+-------------------------------------------
     0 | D:1      | LLlMATKO the Minotaur Berserker began the quest for the
                  | Orb.
     0 | D:1      | Reached XP level 1. HP: 19/19 MP: 0/0
   162 | D:1      | Reached XP level 2. HP: 24/27 MP: 1/1
   478 | D:1      | Reached XP level 3. HP: 26/33 MP: 2/2
   670 | D:1      | Reached ** piety under Trog
  1265 | D:2      | Noticed a black bear
  1272 | D:2      | Killed a black bear
  1273 | D:2      | Reached XP level 4. HP: 41/41 MP: 3/3
  1337 | D:2      | Reached XP level 5. HP: 47/47 MP: 4/4
  1362 | D:2      | Found a faded altar of an unknown god.
  1512 | D:2      | Noticed Natasha
  1518 | D:2      | Killed Natasha
  1701 | D:2      | Noticed Natasha
  1707 | D:2      | Killed Natasha
  1790 | D:2      | Noticed Jessica
  1798 | D:2      | Killed Jessica
  1799 | D:2      | Reached skill level 5 in Fighting
  1799 | D:2      | Reached skill level 5 in Axes
  1847 | D:2      | Found a faded altar of an unknown god.
  1972 | D:2      | Noticed Natasha
  1979 | D:2      | Killed Natasha
  2368 | D:3      | Reached XP level 6. HP: 56/56 MP: 5/5
  2511 | D:3      | Found a sparkling altar of Nemelex Xobeh.
  2566 | D:3      | Found an ancient bone altar of Kikubaaqudgha.
  2982 | D:3      | Noticed Ijyb
  2989 | D:3      | Paralysed by Ijyb for 4 turns
  2995 | D:3      | Killed Ijyb
  3423 | D:4      | Found Sarghaon's Armour Emporium.
  3656 | D:4      | Reached skill level 5 in Armour
  3656 | D:4      | Reached XP level 7. HP: 46/62 MP: 6/6
  3920 | D:4      | Found a hide-covered altar of Uskayaw.
  4462 | D:4      | Reached *** piety under Trog
  4466 | D:4      | Reached skill level 5 in Dodging
  4585 | D:4      | Found an ornate altar of the Wu Jian Council.
  4898 | D:4      | Found a shimmering altar of Xom.
  4898 | D:4      | Found a blossoming altar of Fedhas.
  5141 | D:5      | Entered Level 5 of the Dungeon
  5164 | D:5      | Reached skill level 1 in Shields
  5444 | D:5      | Found a broken altar of Ashenzari.
  5527 | D:5      | Noticed Grinder
  5537 | D:5      | Killed Grinder
  5538 | D:5      | Reached XP level 8. HP: 71/71 MP: 7/7
  5679 | D:5      | Found a white marble altar of Elyvilon.
  6425 | D:6      | Reached XP level 9. HP: 79/79 MP: 8/8
  6651 | D:6      | Found a staircase to the Ecumenical Temple.
  6805 | D:6      | Noticed a two-headed ogre
  6824 | D:6      | Reached **** piety under Trog
  6895 | D:6      | Killed a two-headed ogre
  6896 | D:6      | Reached skill level 5 in Shields
  7119 | D:6      | Found a sacrificial altar of Ru.
  7119 | D:6      | Found an opulent altar of Gozag.
  7462 | D:7      | Noticed Dowan
  7463 | D:7      | Noticed Duvessa
  7472 | D:7      | Killed Duvessa
  7473 | D:7      | Killed Dowan
  8142 | D:7      | Reached XP level 10. HP: 86/90 MP: 9/9
  9093 | D:8      | Noticed a two-headed ogre
  9101 | D:8      | Killed a two-headed ogre
 10475 | D:9      | Reached skill level 10 in Fighting
 10526 | D:9      | Found a shimmering blue altar of Sif Muna.
 10590 | D:9      | Reached skill level 10 in Axes
 10598 | D:9      | Reached XP level 11. HP: 99/99 MP: 10/10
 10608 | D:9      | Reached ***** piety under Trog
 10982 | D:9      | Noticed Erica
 11006 | D:9      | Killed Erica
 11007 | D:9      | Reached skill level 10 in Armour
 11282 | D:9      | Found a glowing golden altar of the Shining One.
 11285 | D:9      | Found a snail-covered altar of Cheibriados.
 11288 | D:9      | Found a shadowy altar of Dithmenos.
 11291 | D:9      | Found a radiant altar of Vehumet.
 11524 | D:9      | Noticed Joseph
 11542 | D:9      | Killed Joseph
 11883 | D:10     | Entered Level 10 of the Dungeon
 11969 | D:10     | Found a staircase to the Lair.
 12359 | D:10     | Noticed Grum
 12373 | D:10     | Killed Grum
 12377 | D:10     | Reached skill level 10 in Dodging
 12426 | D:10     | Identified the +1 robe of Defiance {Dex+2}
 12464 | D:10     | Found Opliaqes's Distillery.
 12841 | D:11     | Found a staircase to the Orcish Mines.
 12983 | D:11     | Reached XP level 12. HP: 91/110 MP: 11/11
 13597 | D:12     | Noticed a boulder beetle
 13609 | D:12     | Killed a boulder beetle
 13772 | D:12     | Noticed Rupert
 13801 | D:12     | Mangled by Rupert

Illustrated notes

Levels and vault maps discovered:
D:1:      evilmike_arrival_rings, layout_basic, minmay_box_of_dots
D:2:      layout_basic, shapermc_ecumenical_altar_mp_highgroup, uniq_natasha,
          uniq_jessica
D:3:      layout_loops_ring, mainiacjoe_overflow_catch_the_wave,
          kennysheep_small_spiral, skrybe_limestone_x, nrook_mini_vaults,
          uniq_ijyb
D:4:      layout_loops_ring, nicolae_wu_jian_wuxing_cycle,
          nicolae_overflow_two_pavilions, nicolae_uskayaw_dance_hall,
          serial_shops, nicolae_inconvenience_store, minmay_misc_feat_x,
          eino_tiny_chamber, lemuel_flame_loot_1
D:5:      minmay_chambers_of_threes, layout_rooms,
          nicolae_overflow_crystal_walls, cheibrodos_ashenzari_chains,
          amcnicky_mini_pool_medium, uniq_grinder
D:6:      minmay_clustersquares, layout_loops_ring,
          mainiacjoe_overflow_catwalk_spiral, minmay_temple_entry_poolview
D:7:      erik_cavepeople, layout_basic, uniq_duvessa
D:8:      black_bear_nest_1, layout_layer_cave, kennysheep_donut
D:9:      layout_roguey, mainiacjoe_overflow_paths,
          grunt_temple_overflow_cloverleaf, dk_noncrumbling_4, st_stairs_1,
          grunt_ministairs_7, minmay_fire_ice_demons, uniq_joseph, uniq_erica
D:10:     layout_long_grid, david_lair_generic, serial_shops,
          kennysheep_mini_moat, kennysheep_generic_room_14, uniq_grum
D:11:     layout_long_grid, david_orc_2
D:12:     layout_long_grid, okawaru_gym_becter, uniq_rupert

Skill      XL: |  1  2  3  4  5  6  7  8  9 10 11 |
---------------+----------------------------------+-----
Fighting       | 4 5 6 7 8 10 11 | 11.6
Axes           | 4 5 6 7 8 10 11 | 11.6
Armour         | 3 4 5 6 7 8 9 11 | 11.2
Dodging        | 3 4 5 6 7 8 10 | 10.4
Shields        | 2 4 6 7 9 |  9.9

Action                   |  1- 3 |  4- 6 |  7- 9 | 10-12 || total
-------------------------+-------+-------+-------+-------++-------
Melee: Hand axe          |    54 |   194 |   255 |   501 ||  1004
       Headbutt          |     4 |    50 |    46 |   132 ||   232
       Punch             |       |     3 |       |       ||     3
Throw: Javelin           |       |       |     2 |       ||     2
       Boomerang         |       |       |       |     2 ||     2
Invok: Berserk           |     2 |     4 |    10 |    12 ||    28
  Use: Scroll            |       |       |       |     1 ||     1
Armor: Animal skin       |     5 |       |       |       ||     5
       Scale mail        |     5 |    33 |    21 |       ||    59
       Ring mail         |       |       |    22 |       ||    22
       Plate armour      |       |       |    48 |   237 ||   285
Dodge: Dodged            |    45 |    66 |   109 |   165 ||   385
Block: Kite shield       |       |       |    99 |   278 ||   377
